AoeStats
← [KOF] Ludemaro

Arena

510192846Analyzed
1v1 RM · 2d ago on Sep 29, 2026· 43m 34s· 2 players
Game mode
Random Map
Map size
Tiny (2 player)
Population
200
Speed
Normal
Resources
Standard
Victory
Conquest
Starting age
Dark Age
Ending age
Imperial Age
RankedLock teamsTeams togetherTeam positionsShared explorationLock speedFull tech treeHidden civsTurbo modeCheats
Victory
Defeat
🇦🇷 Portuguese · Argentina
1236
+16
🇦🇷 Turks · Argentina
1232
-16
[KOF] Ludemaro
5:19 Loom
11:03 Feudal Age
12:51 Double-Bit Axe
13:24 Horse Collar
15:53 Castle Age
14:09 Stone Mining
14:26 Gold Mining
22:16 Bow Saw
25:03 Wheelbarrow
28:50 Imperial Age
27:09 Scale Barding Armor
27:20 Bloodlines
27:10 Fletching
28:20 Forging
28:53 Husbandry
33:54 Hand Cart
34:02 Chain Barding Armor
34:07 Town Watch
37:56 Plate Barding Armor
39:03 Conscription
40:11 Iron Casting
LagunaRoja
11:29 Feudal Age
15:05 Castle Age
13:04 Double-Bit Axe
13:00 Horse Collar
13:39 Stone Mining
14:38 Loom
17:36 Bow Saw
18:34 Heavy Plow
25:07 Imperial Age
23:42 Gold Mining
23:55 Heavy Plow
25:30 Fletching
27:58 Wheelbarrow
28:14 Wheelbarrow
29:31 Conscription
30:24 Bodkin Arrow
31:14 Bracer
32:20 Padded Archer Armor
31:49 Crossbowman
33:09 Ballistics
33:49 Chemistry
32:28 Arbalester
34:32 Leather Archer Armor
34:31 Thumb Ring
34:56 Masonry
35:57 Ring Archer Armor
36:26 Murder Holes
37:03 Architecture
37:03 Town Watch
38:51 Scale Mail Armor
38:42 Pikeman
39:55 Crop Rotation
39:36 Forging
39:45 Chain Mail Armor
39:50 Halberdier
43:18 Forging
Connection lost

Rejoining the realm…

Still unreachable

The connection could not be restored.

Session expired

The server has moved on; the page needs a fresh start.